 Dungeon Crawl Stone Soup version 0.28-a0-998-gb9e9c7b67e (webtiles) character file.

Game seed: 3031846967738456845

11 Umoon the Insei (level 2, -4/22 HPs)
             Began as a Demonspawn Gladiator on Dec 6, 2021.
             Slain by a gnoll (5 damage)
             ... on level 2 of the Dungeon.
             The game lasted 00:00:33 (1070 turns).

Umoon the Insei (Demonspawn Gladiator)              Turns: 1070, Time: 00:00:35

Health: -4/22      AC:  4    Str: 14    XL:     2   Next: 13%
Magic:  2/2        EV: 12    Int:  9    God:
Gold:   0          SH:  0    Dex: 14    Spells: 1/1 levels left

rFire   . . .      SeeInvis .     - Unarmed
rCold   . . .      Faith    .   (no shield)
rNeg    . . .      Spirit   .   a - +0 leather armour
rPois   .          Reflect  .   b - +0 helmet
rElec   .          Harm     .   (no cloak)
rCorr   .          Rampage  .   (no gloves)
Will    .....                   (no boots)
Stlth   +.........              (no amulet)
HPRegen 0.07/turn               (no ring)
MPRegen 0.08/turn               (no ring)

@: lethally poisoned (-4 -> -17)
A: hooves 1
a: no special abilities


You were on level 2 of the Dungeon.
You visited 1 branch of the dungeon, and saw 2 of its levels.

Inventory:

Missiles
 c - 3 throwing nets (quivered)
Armour
 a - a +0 leather armour (worn)
 b - a +0 helmet (worn)
Jewellery
 d - a ring of wizardry
Scrolls
 g - a scroll of blinking {unknown}
 h - a scroll of identify {unknown}
Potions
 e - a potion of attraction {unknown}
 f - a potion of curing {unknown}


   Skills:
 + Level 2.2 Fighting
 - Level 1.7 Throwing
 + Level 0.6 Armour
 + Level 2.8 Dodging
 + Level 2.8 Unarmed Combat


You had one spell level left.
You didn't know any spells.
Your spell library was empty.

Dungeon Overview and Level Annotations

Branches:
Dungeon (2/15)

Altars:


Innate Abilities, Weirdness & Mutations

You have large cloven feet.


Message History

The gnoll shouts! x2
Found four items.
Found a stone staircase leading down.
There is a stone staircase leading up here.
There are monsters nearby!
There are monsters nearby!
An adder comes into view.
The adder hisses angrily.
The gnoll shouts!
A gnoll comes into view. It is wielding a +0 flail.
The gnoll shouts!
The gnoll throws a throwing net.
The throwing net hits you.
You become entangled in the net!
The gnoll hits you with a +0 club.
You see here a throwing net.
You are held in a net!
You are held in a net!
You are held in a net!
You are held in a net!
You are held in a net!
You are held in a net!
You are held in a net!
Unknown command.
You struggle against the net.
The gnoll hits you but does no damage. The gnoll hits you with a +0 club.
You struggle against the net.
The gnoll hits you with a +0 club. The adder bites you.
You are poisoned.
The adder poisons you!
The gnoll hits you but does no damage. x2
You struggle against the net.
You feel sick. The gnoll hits you with a +0 club. The adder bites you.
* * * LOW HITPOINT WARNING * * *
You are more poisoned.
The adder poisons you! The gnoll completely misses you.
The gnoll hits you but does no damage.
You rip the net and break free!
* * * LOW HITPOINT WARNING * * *
You feel sick. The adder misses you. The gnoll closely misses you.
The gnoll barely misses you. The adder bites you.
* * * LOW HITPOINT WARNING * * *
You are more poisoned.
The adder poisons you! The gnoll hits you with a +0 club.
You die...

..#.............
#.................
#.........$......
###...............
.............)....
...........(......
.......<..........
#.................
#.........@g......
.........Sgg......
.#.####....g......
# #...........
#...........
#.......?..#
...........#
.############


You could see 4 gnolls and an adder.

Vanquished Creatures
  A dart slug (D:1)
  2 giant cockroaches (D:1)
  A hobgoblin (D:1)
  2 kobolds (D:1)
  A quokka (D:1)
  A rat (D:1)
8 creatures vanquished.

Notes
Turn   | Place    | Note
-------+----------+-------------------------------------------
     0 | D:1      | Umoon the Demonspawn Gladiator began the quest for the Orb.
     0 | D:1      | Reached XP level 1. HP: 16/16 MP: 1/1
     1 | D:1      | Found a faded altar of an unknown god.
   611 | D:1      | Gained mutation: You have large cloven feet. [demonic
                  | ancestry]
   611 | D:1      | Reached XP level 2. HP: 19/22 MP: 2/2
  1070 | D:2      | HP: 1/22 [adder (2)]
  1070 | D:2      | Slain by a gnoll

Illustrated notes

Levels and vault maps discovered:
D:1:      grunt_arrival_lava_bath, layout_basic,
          chequers_ecumenical_altar_simple_redux, serial_bayou_pond_a,
          minmay_misc_feat_enclosed, minmay_fountain_box,
          corexii_hall_statues_i, minmay_surrounded
D:2:      layout_rooms

Action                   || total
-------------------------++-------
Melee: Unarmed           ||    27
       Kick              ||     1
Armor: Leather armour    ||    13
Dodge: Dodged            ||    19

Table legend: (Time is in decaauts)
 A = Elapsed time spent in this place.
 B = Non-inter-level travel time spent in this place.
 C = Inter-level travel time spent in this place.
 D = Time resting spent in this place.
 E = Time spent auto-exploring this place.
 F = Levels seen in this place.
 G = Mean time per level.
                   A        B        C        D        E       F      G
               +--------+--------+--------+--------+--------+-----+--------+
         Total |   1068 |   1059 |      9 |      0 |    977 |   2 |  534.0 |
       Dungeon |   1068 |   1059 |      9 |      0 |    977 |   2 |  534.0 |
               +--------+--------+--------+--------+--------+-----+--------+

Top non-repeatable levels by time:
     D:1: 1062 daAuts
     D:2: 6 daAuts
